 Dungeon Crawl Stone Soup version 0.26-a0-606-g3c8f2f65f7 (webtiles) character file.

Game seed: 9612331977282998455

5 Brozuf the Skirmisher (level 1, -3/18 HPs)
             Began as a Demonspawn Abyssal Knight on Sept 1, 2020.
             Was a Follower of Lugonu.
             Killed from afar by a starcursed mass (6 damage)
             ... with an accursed screaming
             ... on level 1 of the Abyss.
             The game lasted 00:01:09 (105 turns).

Brozuf the Skirmisher (Demonspawn Abyssal Knight)    Turns: 105, Time: 00:01:10

Health: -3/18      AC:  3    Str: 12    XL:     1   Next: 66%
Magic:  2/2        EV: 11    Int: 13    God:    Lugonu [*.....]
Gold:   0          SH:  0    Dex: 12    Spells: 0/0 levels left

rFire    . . .     SeeInvis .   a - +1 mace
rCold    . . .     Faith    .   (no shield)
rNeg     . . .     Spirit   .   b - +0 leather armour
rPois    .         Reflect  .   (no helmet)
rElec    .         Harm     .   (no cloak)
rCorr    .                      (no gloves)
MR       .....                  (no boots)
Stlth    +.........             (no amulet)
HPRegen  0.06/turn              (no ring)
MPRegen  0.08/turn              (no ring)

@: no status effects
A: no striking features
a: Depart the Abyss, Renounce Religion


You were on level 1 of the Abyss.
You worshipped Lugonu.
Lugonu was aware of your devotion.
You visited 0 branches of the dungeon, and saw 0 of its levels.
You visited the Abyss 1 time.

Inventory:

Hand Weapons
 a - a +1 mace (weapon)
Armour
 b - a +0 leather armour (worn)
Jewellery
 c - a +6 ring of strength {unknown}
   (You found it on level 1 of the Abyss)


   Skills:
 + Level 3.0 Fighting
 + Level 1.9 Maces & Flails
 + Level 1.9 Armour
 + Level 1.0 Dodging
 + Level 2.6 Invocations


You couldn't memorise any spells.
You didn't know any spells.
Your spell library was empty.

Dungeon Overview and Level Annotations

Branches:
Dungeon (0/15)

Altars:


Message History

Lugonu says: Spread carnage and corruption!
Found a small emerald ring.
Found a chain mail.
c - a small emerald ring An ufetubus appears in a shower of sparks.
An ufetubus is nearby!
The ufetubus shouts!
The ufetubus barely misses you. The ufetubus hits you.
The ufetubus closely misses you. The ufetubus barely misses you.
The ufetubus hits you but does no damage. x2
Why would you want to do that? The ufetubus barely misses you.
The ufetubus hits you but does no damage.
You enter the shallow water.
Moving in this stuff is going to be slow.
The ufetubus hits you. x2
The ufetubus closely misses you.
The ufetubus hits you but does no damage.
The ufetubus barely misses you. The ufetubus hits you.
The ufetubus closely misses you.
The ufetubus hits you but does no damage.
A starcursed mass comes into view.
The ufetubus closely misses you. The ufetubus completely misses you.
The ufetubus hits you but does no damage.
The ufetubus closely misses you. The ufetubus barely misses you.
The ufetubus closely misses you. The ufetubus closely misses you.
The ufetubus hits you.
* * * LOW HITPOINT WARNING * * *
An ufetubus is nearby!
An ufetubus is nearby!
Unknown command.
You hit the ufetubus but do no damage. The ufetubus barely misses you.
The ufetubus hits you but does no damage.
The ufetubus misses you. The ufetubus hits you.
* * * LOW HITPOINT WARNING * * *
You closely miss the ufetubus. The ufetubus hits you.
* * * LOW HITPOINT WARNING * * *
The ufetubus hits you but does no damage. x2
The ufetubus hits you.
* * * LOW HITPOINT WARNING * * *
You sock the ufetubus!
You kill the ufetubus!
Your Dodging skill increases to level 1!
Unknown command.
Unknown command.
Unknown command.
Unknown command.
A starcursed mass splits.
A chorus of shrieks assaults your mind.
You die...

.##..##
.#.≈≈# ##
#.. .# #.≈
## #
####..#
##.≈≈. #
#.X#.# .
≈.# ##.X.##
#.#
#.###.##..#
#. ##...#
.. .#.###
###
####@.##
###..#
#..##..#
#....# ..#
#.#### ##
... #.# #.
.


You could see 2 starcursed masses.

Vanquished Creatures
  An ufetubus (Abyss:1)
1 creature vanquished.

Notes
Turn   | Place    | Note
-------+----------+-------------------------------------------
     0 | Abyss:1  | Brozuf the Demonspawn Abyssal Knight began the quest for
                  | the Orb.
     0 | Abyss:1  | Reached XP level 1. HP: 18/18 MP: 2/2
    92 | Abyss:1  | Noticed a starcursed mass
   103 | Abyss:1  | Reached skill level 1 in Dodging
   105 | Abyss:1  | Killed from afar by a starcursed mass

Illustrated notes

Levels and vault maps discovered:
Abyss:1

Skill      XL: |  1 |
---------------+----+-----
Dodging        | 1 |  1.0
Fighting       | |  3.0
Maces & Flails | |  1.9
Armour         | |  1.9
Invocations    | |  2.6

Action                   || total
-------------------------++-------
Melee: Mace              ||     3
Armor: Leather armour    ||     9
Dodge: Dodged            ||    15

Table legend: (Time is in decaauts)
 A = Elapsed time spent in this place.
 B = Non-inter-level travel time spent in this place.
 C = Inter-level travel time spent in this place.
 D = Time resting spent in this place.
 E = Time spent auto-exploring this place.
 F = Levels seen in this place.
 G = Mean time per level.
                   A        B        C        D        E       F      G
               +--------+--------+--------+--------+--------+-----+--------+
         Total |    106 |    106 |      0 |      0 |     73 |   1 |  106.0 |
         Abyss |    106 |    106 |      0 |      0 |     73 |   1 |  106.0 |
               +--------+--------+--------+--------+--------+-----+--------+

Top non-repeatable levels by time:
 Abyss:1: 106 daAuts
